Tappara Tampere vs Reno Silver Aces
Created - Monday, February 5, 2024 at 08:25
Goals
|
| Tappara Tampere |
3 |
0 |
0 |
3 |
| Reno Silver Aces |
2 |
3 |
1 |
6 |
|
Shots
|
| Tappara Tampere |
8 |
11 |
19 |
38 |
| Reno Silver Aces |
6 |
18 |
8 |
32 |
|
1st period
1. Tappara Tampere , Kiefer Sherwood 3 (Rocco Grimaldi 1) at 6:07
2. Tappara Tampere , Anders Bjork 1 (Kent Johnson 2, Mattias Samuelsson 2) at 9:01
3. Reno Silver Aces , Drew O'Connor 2 (Patrick Brown 3) at 10:38
4. Tappara Tampere , Kent Johnson 1 (Phillip Di Giuseppe 1, Lukas Svejkovsky 1) at 13:20
5. Reno Silver Aces , Valtteri Puustinen 2 (Trevor Lewis 2, Vinnie Hinostroza 2) at 15:26 (PP)
Penalties :
Josh Archibald (RSA) for Hooking (Minor) at 2:06, Nicolas Deslauriers (RSA) for Fighting (Major) at 6:45, Andy Andreoff (TAP) for Fighting (Major) at 6:45, Logan O'Connor (TAP) for High sticking (Minor) at 14:51, Andrew Poturalski (TAP) for High sticking (Minor) at 16:23
2nd period
6. Reno Silver Aces , Maxime Comtois 2 (Danton Heinen 1, Dylan Coghlan 1) at 2:32
7. Reno Silver Aces , Patrick Brown 1 (Nicolas Deslauriers 3, Drew O'Connor 2) at 8:01
8. Reno Silver Aces , Josh Archibald 2 (Robert Bortuzzo 3) at 15:09
Penalties :
Josh Archibald (RSA) for Hooking (Minor) at 8:10, Valtteri Puustinen (RSA) for Hooking (Minor) at 13:00, Calvin De Haan (TAP) for Interference (Minor) at 19:53
3rd period
9. Reno Silver Aces , Jeremie Poirier 1 (William Dufour 2, Peter Abbandonato 2) at 0:10 (PP)
Penalties :
Nicolas Deslauriers (RSA) for Hooking (Minor) at 4:27, Calvin De Haan (TAP) for Interference (Minor) at 7:36, Maxime Comtois (RSA) for Holding (Minor) at 12:11, Jon Merrill (RSA) for Interference (Minor) at 15:50
Goalie Stats
Charlie Lindgren (TAP), 26 saves from 32 shots - (0.813), L, 0-1-1, 60:00 minutes
Mackenzie Blackwood (RSA), 35 saves from 38 shots - (0.921), W, 1-0-0, 60:00 minutes
Players Stats for Tappara Tampere
Player Name G A P +/- PIM S H SB GA TA FO MP PP MP PK MP
------------------------------------------------------------------------------------
Alex Goligoski 0 0 0 -1 0 3 0 1 0 0 0/0 22:17 5:38 2:25
Anders Bjork 1 0 1 2 0 6 1 2 1 0 2/2 18:55 6:28 2:11
Andrew Poturalski 0 0 0 0 2 2 0 0 1 0 4/6 11:34 0:00 0:00
Andy Andreoff 0 0 0 -2 5 0 4 1 0 0 11/18 17:14 4:56 0:00
Ben Hutton 0 0 0 0 0 1 0 2 0 1 0/0 14:38 0:10 0:00
Calvin De Haan 0 0 0 0 4 0 0 1 0 0 0/0 14:54 0:20 0:00
Jan Rutta 0 0 0 0 0 3 0 0 0 0 0/0 23:05 6:06 2:25
John Klingberg 0 0 0 0 0 3 0 2 0 1 0/0 23:05 6:06 2:25
Kent Johnson 1 1 2 1 0 6 0 1 0 0 9/19 17:59 6:28 0:10
Kiefer Sherwood 1 0 1 0 0 4 2 0 0 0 1/2 12:17 0:14 0:24
Logan O'Connor 0 0 0 2 2 1 0 0 0 0 0/3 18:43 6:28 2:00
Lukas Svejkovsky 0 1 1 0 0 0 1 0 0 0 0/0 8:22 0:46 0:00
Mattias Janmark 0 0 0 -3 0 5 1 1 1 0 0/1 21:09 4:47 2:29
Mattias Samuelsson 0 1 1 -1 0 1 2 0 0 0 0/0 22:17 5:42 2:25
Phillip Di Giuseppe 0 1 1 0 0 0 0 0 1 0 0/1 7:26 0:00 0:00
Rocco Grimaldi 0 1 1 0 0 0 0 2 2 0 0/0 12:48 0:36 0:00
Stefan Noesen 0 0 0 -3 0 2 3 0 2 0 0/4 20:56 4:45 2:26
William Eklund 0 0 0 0 0 1 0 0 0 0 2/3 7:26 0:00 0:00
Players Stats for Reno Silver Aces
Player Name G A P +/- PIM S H SB GA TA FO MP PP MP PK MP
------------------------------------------------------------------------------------
Danton Heinen 0 1 1 0 0 0 1 0 0 0 0/0 15:56 2:11 0:00
Drew O'Connor 1 1 2 2 0 3 1 3 1 0 2/2 16:37 0:07 6:00
Dylan Coghlan 0 1 1 -2 0 0 1 3 0 1 0/0 18:36 0:00 5:34
Jeremie Poirier 1 0 1 2 0 2 0 1 0 0 0/0 15:28 2:39 0:00
Jon Merrill 0 0 0 1 2 0 2 1 0 2 0/0 21:33 0:00 5:11
Josh Archibald 1 0 1 0 4 1 0 0 0 1 1/3 15:52 0:00 3:36
Maxime Comtois 1 0 1 0 2 3 2 0 0 0 0/0 15:19 2:17 0:00
Michael Stone 0 0 0 -2 0 0 2 1 0 2 0/0 22:15 2:11 5:38
Nicolas Deslauriers 0 1 1 1 7 0 3 0 0 0 0/0 8:57 0:01 0:00
Patrick Brown 1 1 2 2 0 3 0 0 0 0 11/14 16:06 0:00 5:35
Peter Abbandonato 0 1 1 -1 0 4 1 0 0 0 7/11 10:03 2:17 0:00
Robert Bortuzzo 0 1 1 1 0 1 4 0 0 0 0/0 22:33 0:00 6:14
Tanner Laczynski 0 0 0 1 0 0 2 0 0 0 4/14 18:06 0:08 4:54
Trevor Lewis 0 1 1 -1 0 3 0 0 0 1 5/12 15:24 2:25 1:25
Valtteri Puustinen 1 0 1 1 2 6 1 0 1 0 0/0 13:23 2:26 1:45
Vinnie Hinostroza 0 1 1 -1 0 4 2 1 0 0 0/2 14:57 2:25 0:33
William Dufour 0 1 1 -1 0 2 0 0 0 1 0/1 10:13 2:24 0:00
William Villeneuve 0 0 0 2 0 0 3 0 0 0 0/0 16:41 2:39 1:11
3 Stars
1 - Drew O'Connor (RSA)
2 - Patrick Brown (RSA)
3 - Jeremie Poirier (RSA)
Power Play
Tappara Tampere - 0 on 6 Attempt(s) - 0.00%
Reno Silver Aces - 2 on 4 Attempt(s) - 50.00%
Penalty Kill
Tappara Tampere - 2 on 4 Attempt(s) - 50.00%
- Score 0 goal in Penalty Kill
Reno Silver Aces - 6 on 6 Attempt(s) - 100.00%
- Score 0 goal in Penalty Kill
Team Stat
Tappara Tampere - Hits : 14 - Faceoff Wins : 29 - Blocked Shots : 13 - Penalty Minutes : 13
Reno Silver Aces - Hits : 25 - Faceoff Wins : 30 - Blocked Shots : 10 - Penalty Minutes : 17
Official
Referees : Marc Joannette and Eric Furlatt
Linesman : David Brisebois and Ryan Galloway
Game Notes
Nicolas Deslauriers beats up Andy Andreoff at 6:45 of 1st period
Tappara Tampere
5 vs 5 Forward
Center Left Wing Right Wing Time % Phy DF OF
1 Andy Andreoff Stefan Noesen Mattias Janmark 31 1 2 2
2 Kent Johnson Logan O'Connor Anders Bjork 31 1 2 2
3 Andrew Poturalski Rocco Grimaldi Kiefer Sherwood 28 1 2 2
4 William Eklund Phillip Di Giuseppe Lukas Svejkovsky 10 1 2 2
5 vs 5 Defense
Defense Defense Time % Phy DF OF
1 John Klingberg Jan Rutta 30 1 2 2
2 Mattias Samuelsson Alex Goligoski 30 1 2 2
3 Calvin De Haan Ben Hutton 30 1 2 2
4 John Klingberg Jan Rutta 10 1 2 2
PowerPlay Forward
Center Left Wing Right Wing Time % Phy DF OF
1 Andy Andreoff Stefan Noesen Mattias Janmark 50 1 2 2
2 Kent Johnson Logan O'Connor Anders Bjork 50 1 2 2
PowerPlay Defense
Defense Defense Time % Phy DF OF
1 John Klingberg Jan Rutta 50 1 2 2
2 Mattias Samuelsson Alex Goligoski 50 1 2 2
Penalty Kill 4 Players Forward
Center Wing Time % Phy DF OF
1 Stefan Noesen Mattias Janmark 50 1 3 1
2 Logan O'Connor Anders Bjork 50 2 2 1
Penalty Kill 4 Players Defense
Defense Defense Time % Phy DF OF
1 John Klingberg Jan Rutta 50 2 2 1
2 Mattias Samuelsson Alex Goligoski 50 2 2 1
Penalty Kill - 3 Players Forward
Forward Time % Phy DF OF
1 Stefan Noesen 50 1 3 1
2 Mattias Janmark 50 1 3 1
Penalty Kill - 3 Players Defense
Defense Defense Time % Phy DF OF
1 John Klingberg Jan Rutta 50 2 2 1
2 Mattias Samuelsson Alex Goligoski 50 2 2 1
4 vs 4 Forward
Center Wing Time % Phy DF OF
1 Stefan Noesen Phillip Di Giuseppe 50 1 2 2
2 Logan O'Connor Kent Johnson 50 1 2 2
4 vs 4 Defense
Defense Defense Time % Phy DF OF
1 John Klingberg Jan Rutta 50 1 2 2
2 Mattias Samuelsson Alex Goligoski 50 1 2 2
Last Minutes Offensive
Center Left Wing Right Wing Defense Defense
Andy Andreoff Phillip Di Giuseppe Stefan Noesen John Klingberg Mattias Samuelsson
Last Minutes Defensive
Center Left Wing Right Wing Defense Defense
Andy Andreoff Stefan Noesen Mattias Janmark Jan Rutta Mattias Samuelsson
Goaltenders
Starting : Charlie Lindgren
Backup : Petr Mrazek
Extra Forwards
Normal : Kent Johnson, Rocco Grimaldi, Kiefer Sherwood - PP : Lukas Svejkovsky, Rocco Grimaldi - PK : Kiefer Sherwood
Extra Defensemen
Normal : Calvin De Haan, Ben Hutton, Mattias Samuelsson - PP : Calvin De Haan - PK : Ben Hutton, Mattias Samuelsson
Penalty Shots
Stefan Noesen, Mattias Janmark, Logan O'Connor, Anders Bjork, Andy Andreoff
Reno Silver Aces
5 vs 5 Forward
Center Left Wing Right Wing Time % Phy DF OF
1 Tanner Laczynski Maxime Comtois Danton Heinen 30 1 2 2
2 Trevor Lewis Vinnie Hinostroza Josh Archibald 30 1 2 2
3 Patrick Brown Drew O'Connor Nicolas Deslauriers 25 1 2 2
4 Peter Abbandonato Valtteri Puustinen William Dufour 15 1 2 2
5 vs 5 Defense
Defense Defense Time % Phy DF OF
1 Robert Bortuzzo Jon Merrill 30 1 2 2
2 Michael Stone Dylan Coghlan 30 1 2 2
3 Jeremie Poirier William Villeneuve 25 1 2 2
4 Robert Bortuzzo Jon Merrill 15 1 2 2
PowerPlay Forward
Center Left Wing Right Wing Time % Phy DF OF
1 Trevor Lewis Valtteri Puustinen Vinnie Hinostroza 50 1 2 2
2 Peter Abbandonato Maxime Comtois William Dufour 50 1 2 2
PowerPlay Defense
Defense Defense Time % Phy DF OF
1 Danton Heinen Michael Stone 50 1 2 2
2 William Villeneuve Jeremie Poirier 50 1 2 2
Penalty Kill 4 Players Forward
Center Wing Time % Phy DF OF
1 Tanner Laczynski Josh Archibald 50 1 2 2
2 Patrick Brown Drew O'Connor 50 1 2 2
Penalty Kill 4 Players Defense
Defense Defense Time % Phy DF OF
1 Robert Bortuzzo Jon Merrill 50 1 2 2
2 Michael Stone Dylan Coghlan 50 1 2 2
Penalty Kill - 3 Players Forward
Forward Time % Phy DF OF
1 Tanner Laczynski 50 1 2 2
2 Patrick Brown 50 1 2 2
Penalty Kill - 3 Players Defense
Defense Defense Time % Phy DF OF
1 Robert Bortuzzo Jon Merrill 50 1 2 2
2 Michael Stone Dylan Coghlan 50 1 2 2
4 vs 4 Forward
Center Wing Time % Phy DF OF
1 Tanner Laczynski Josh Archibald 50 1 2 2
2 Peter Abbandonato Nicolas Deslauriers 50 1 2 2
4 vs 4 Defense
Defense Defense Time % Phy DF OF
1 Robert Bortuzzo Jon Merrill 50 1 2 2
2 William Villeneuve Jeremie Poirier 50 1 2 2
Last Minutes Offensive
Center Left Wing Right Wing Defense Defense
Tanner Laczynski Danton Heinen Trevor Lewis Robert Bortuzzo Jon Merrill
Last Minutes Defensive
Center Left Wing Right Wing Defense Defense
Tanner Laczynski Josh Archibald Patrick Brown Robert Bortuzzo Jon Merrill
Goaltenders
Starting : Mackenzie Blackwood
Backup : Philipp Grubauer
Extra Forwards
Normal : Valtteri Puustinen, Vinnie Hinostroza, Drew O'Connor - PP : Valtteri Puustinen, Vinnie Hinostroza - PK : Drew O'Connor
Extra Defensemen
Normal : Dylan Coghlan, William Villeneuve, Michael Stone - PP : Dylan Coghlan - PK : William Villeneuve, Michael Stone
Penalty Shots
Tanner Laczynski, Trevor Lewis, Danton Heinen, Nicolas Deslauriers, Josh Archibald
% Time on Ice - Tappara Tampere
Lines # - Real PCT - Wanted PCT - Time Play
Normal Forward
1 - 32% - 31% - 13:59
2 - 24% - 31% - 10:16
3 - 27% - 28% - 11:35
4 - 17% - 10% - 7:26
Normal Defense
1 - 28% - 30% - 12:11
2 - 35% - 30% - 15:05
3 - 31% - 30% - 13:37
4 - 6% - 10% - 2:23
PP Forward
1 - 44% - 50% - 5:12
2 - 56% - 50% - 6:42
PP Defense
1 - 51% - 50% - 6:06
2 - 49% - 50% - 5:48
PK Forward
1 - 52% - 50% - 2:32
2 - 48% - 50% - 2:18
PK Defense
1 - 50% - 50% - 2:25
2 - 50% - 50% - 2:25
PK3 Forward
1 - 0% - 50%
2 - 0% - 50%
PK3 Defense
1 - 0% - 50%
2 - 0% - 50%
44 Forward
1 - 0% - 50%
2 - 0% - 50%
44 Defense
1 - 0% - 50%
2 - 0% - 50%
Last Minute Offensive - 0:00
Last Minute Defensive - 0:00
Total
Forward - 60:00
Defense - 60:00
|
% Time on Ice - Reno Silver Aces
Lines # - Real PCT - Wanted PCT - Time Play
Normal Forward
1 - 31% - 30% - 13:22
2 - 29% - 30% - 12:26
3 - 22% - 25% - 9:42
4 - 18% - 15% - 7:46
Normal Defense
1 - 30% - 30% - 12:59
2 - 29% - 30% - 12:43
3 - 30% - 25% - 12:49
4 - 11% - 15% - 4:45
PP Forward
1 - 50% - 50% - 2:26
2 - 50% - 50% - 2:24
PP Defense
1 - 45% - 50% - 2:11
2 - 55% - 50% - 2:39
PK Forward
1 - 52% - 50% - 6:11
2 - 48% - 50% - 5:43
PK Defense
1 - 54% - 50% - 6:26
2 - 46% - 50% - 5:28
PK3 Forward
1 - 0% - 50%
2 - 0% - 50%
PK3 Defense
1 - 0% - 50%
2 - 0% - 50%
44 Forward
1 - 0% - 50%
2 - 0% - 50%
44 Defense
1 - 0% - 50%
2 - 0% - 50%
Last Minute Offensive - 0:00
Last Minute Defensive - 0:00
Total
Forward - 60:00
Defense - 60:00
|
Play-by-Play
1st period
0:01 of 1st period - Andy Andreoff wins face-off versus Tanner Laczynski in neutral zone.
0:04 of 1st period - Danton Heinen is hit by Andy Andreoff and loses puck.
2:06 of 1st period - Minor Penalty to Josh Archibald for Hooking.
2:07 of 1st period - Patrick Brown wins face-off versus Stefan Noesen in Reno Silver Aces zone.
2:20 of 1st period - Slapshot by Drew O'Connor.
2:20 of 1st period - Shot Blocked by Mattias Janmark.
2:49 of 1st period - Snap shot by Tanner Laczynski.
2:49 of 1st period - Shot Blocked by John Klingberg.
3:45 of 1st period - Jan Rutta is hit by Robert Bortuzzo and loses puck.
4:06 of 1st period - Penalty to Josh Archibald is over, Josh Archibald is back on ice.
4:24 of 1st period - Slapshot by Andrew Poturalski.
4:24 of 1st period - Shot Blocked by Drew O'Connor.
4:26 of 1st period - Wrist shot by Kiefer Sherwood.
4:26 of 1st period - Deflect By Andrew Poturalski.
4:26 of 1st period - Shot Misses the Net.
4:26 of 1st period - Puck is out of play.
4:27 of 1st period - William Eklund wins face-off versus Peter Abbandonato in Reno Silver Aces zone.
5:33 of 1st period - Mattias Samuelsson is hit by Peter Abbandonato and loses puck.
6:02 of 1st period - Dylan Coghlan is hit by Kiefer Sherwood and loses puck.
6:07 of 1st period - Slapshot by Kiefer Sherwood.
6:07 of 1st period - Goal by Kiefer Sherwood - Tappara Tampere : 1 - Reno Silver Aces : 0.
6:08 of 1st period - Patrick Brown wins face-off versus Kent Johnson in neutral zone.
6:11 of 1st period - Jan Rutta is hit by Nicolas Deslauriers and loses puck.
6:19 of 1st period - Off-side.
6:20 of 1st period - Patrick Brown wins face-off versus Kent Johnson in neutral zone.
6:29 of 1st period - Snap shot by Drew O'Connor.
6:29 of 1st period - Shot Misses the Net.
6:38 of 1st period - Icing by Patrick Brown.
6:39 of 1st period - Andy Andreoff wins face-off versus Patrick Brown in Reno Silver Aces zone.
6:40 of 1st period - Wrist shot by Stefan Noesen.
6:40 of 1st period - Shot Misses the Net.
6:45 of 1st period - Nicolas Deslauriers beats up Andy Andreoff.
6:45 of 1st period - Penalty to Nicolas Deslauriers for Fighting.
6:45 of 1st period - Penalty to Andy Andreoff for Fighting.
6:46 of 1st period - Tanner Laczynski wins face-off versus Mattias Janmark in Tappara Tampere zone.
6:47 of 1st period - Snap shot by Danton Heinen.
6:47 of 1st period - Shot Misses the Net.
7:01 of 1st period - Snap shot by Mattias Janmark.
7:01 of 1st period - Stopped by Mackenzie Blackwood without a rebound.
7:02 of 1st period - Kent Johnson wins face-off versus Trevor Lewis in Reno Silver Aces zone.
7:15 of 1st period - Wrist shot by Josh Archibald.
7:15 of 1st period - Shot Blocked by Ben Hutton.
7:17 of 1st period - Slapshot by Jon Merrill.
7:17 of 1st period - Shot Blocked by Anders Bjork.
7:27 of 1st period - Jon Merrill is hit by Mattias Janmark and loses puck.
7:36 of 1st period - Wrist shot by Mattias Janmark.
7:36 of 1st period - Stopped by Mackenzie Blackwood with a rebound.
7:38 of 1st period - Snap shot by Stefan Noesen.
7:38 of 1st period - Shot Misses the Net.
7:40 of 1st period - Snap shot by Stefan Noesen.
7:40 of 1st period - Stopped by Mackenzie Blackwood with a rebound.
8:00 of 1st period - Backhand shot by Patrick Brown.
8:00 of 1st period - Stopped by Charlie Lindgren with a rebound.
8:34 of 1st period - Icing by Calvin De Haan.
8:35 of 1st period - Anders Bjork wins face-off versus Peter Abbandonato in Tappara Tampere zone.
8:43 of 1st period - William Dufour is hit by Mattias Samuelsson and loses puck.
9:01 of 1st period - Wrist shot by Kent Johnson.
9:01 of 1st period - Deflect By Anders Bjork.
9:01 of 1st period - Goal by Anders Bjork - Tappara Tampere : 2 - Reno Silver Aces : 0.
9:02 of 1st period - Kent Johnson wins face-off versus Tanner Laczynski in neutral zone.
9:07 of 1st period - Slapshot by Kent Johnson.
9:07 of 1st period - Stopped by Mackenzie Blackwood with a rebound.
9:13 of 1st period - Mattias Janmark is hit by Robert Bortuzzo and loses puck.
10:30 of 1st period - Off-side.
10:31 of 1st period - Patrick Brown wins face-off versus Kent Johnson in neutral zone.
10:36 of 1st period - Snap shot by Patrick Brown.
10:36 of 1st period - Shot Blocked by Calvin De Haan.
10:38 of 1st period - Wrist shot by Drew O'Connor.
10:38 of 1st period - Goal by Drew O'Connor - Tappara Tampere : 2 - Reno Silver Aces : 1.
10:39 of 1st period - Kent Johnson wins face-off versus Tanner Laczynski in neutral zone.
10:54 of 1st period - Wrist shot by Danton Heinen.
10:54 of 1st period - Shot Misses the Net.
11:13 of 1st period - Wrist shot by Vinnie Hinostroza.
11:13 of 1st period - Deflect By Trevor Lewis.
11:13 of 1st period - Stopped by Charlie Lindgren with a rebound.
11:23 of 1st period - Snap shot by Rocco Grimaldi.
11:23 of 1st period - Shot Blocked by Jeremie Poirier.
11:31 of 1st period - Ben Hutton is hit by William Villeneuve and loses puck.
12:00 of 1st period - Danton Heinen is hit by Andy Andreoff and loses puck.
12:29 of 1st period - Wrist shot by Kiefer Sherwood.
12:29 of 1st period - Shot Misses the Net.
13:20 of 1st period - Slapshot by Phillip Di Giuseppe.
13:20 of 1st period - Deflect By Kent Johnson.
13:20 of 1st period - Goal by Kent Johnson - Tappara Tampere : 3 - Reno Silver Aces : 1.
13:21 of 1st period - Anders Bjork wins face-off versus Trevor Lewis in neutral zone.
14:51 of 1st period - Minor Penalty to Logan O'Connor for High sticking.
14:52 of 1st period - Trevor Lewis wins face-off versus Stefan Noesen in Tappara Tampere zone.
15:00 of 1st period - Icing by Danton Heinen.
15:01 of 1st period - Trevor Lewis wins face-off versus Kiefer Sherwood in Reno Silver Aces zone.
15:18 of 1st period - Snap shot by Trevor Lewis.
15:18 of 1st period - Shot Misses the Net.
15:20 of 1st period - Snap shot by Vinnie Hinostroza.
15:20 of 1st period - Shot Misses the Net.
15:24 of 1st period - Wrist shot by Trevor Lewis.
15:24 of 1st period - Shot Hit the Post.
15:26 of 1st period - Wrist shot by Trevor Lewis.
15:26 of 1st period - Deflect By Valtteri Puustinen.
15:26 of 1st period - Goal by Valtteri Puustinen - Tappara Tampere : 3 - Reno Silver Aces : 2.
15:27 of 1st period - Patrick Brown wins face-off versus Andy Andreoff in neutral zone.
15:30 of 1st period - Snap shot by Drew O'Connor.
15:30 of 1st period - Shot Blocked by Andy Andreoff.
15:32 of 1st period - Slapshot by Robert Bortuzzo.
15:32 of 1st period - Stopped by Charlie Lindgren with a rebound.
15:40 of 1st period - Calvin De Haan is hit by Robert Bortuzzo and loses puck.
16:01 of 1st period - Off-side.
16:02 of 1st period - Andrew Poturalski wins face-off versus Tanner Laczynski in neutral zone.
16:05 of 1st period - Wrist shot by Rocco Grimaldi.
16:05 of 1st period - Shot Misses the Net.
16:23 of 1st period - Minor Penalty to Andrew Poturalski for High sticking.
16:24 of 1st period - Peter Abbandonato wins face-off versus Logan O'Connor in Tappara Tampere zone.
16:49 of 1st period - Valtteri Puustinen is hit by Mattias Samuelsson and loses puck.
16:54 of 1st period - Snap shot by Anders Bjork.
16:54 of 1st period - Shot Misses the Net.
18:23 of 1st period - Penalty to Andrew Poturalski is over, Andrew Poturalski is back on ice.
18:43 of 1st period - Snap shot by William Eklund.
18:43 of 1st period - Stopped by Mackenzie Blackwood with a rebound.
18:45 of 1st period - Wrist shot by Phillip Di Giuseppe.
18:45 of 1st period - Shot Misses the Net.
19:14 of 1st period - Kent Johnson is hit by Jon Merrill and loses puck.
19:29 of 1st period - Off-side.
19:30 of 1st period - Andy Andreoff wins face-off versus William Dufour in neutral zone.
19:33 of 1st period - Snap shot by Peter Abbandonato.
19:33 of 1st period - Stopped by Charlie Lindgren without a rebound.
19:34 of 1st period - Peter Abbandonato wins face-off versus Kent Johnson in Tappara Tampere zone.
Goals for this period are 3 for Tappara Tampere vs 2 for Reno Silver Aces.
Shots for this period are 8 for Tappara Tampere vs 6 for Reno Silver Aces.
2nd period
0:01 of 2nd period - Trevor Lewis wins face-off versus Stefan Noesen in neutral zone.
0:10 of 2nd period - Snap shot by Vinnie Hinostroza.
0:10 of 2nd period - Stopped by Charlie Lindgren with a rebound.
0:12 of 2nd period - Wrist shot by Vinnie Hinostroza.
0:12 of 2nd period - Stopped by Charlie Lindgren with a rebound.
0:14 of 2nd period - Slapshot by Vinnie Hinostroza.
0:14 of 2nd period - Shot Misses the Net.
0:16 of 2nd period - Wrist shot by Trevor Lewis.
0:16 of 2nd period - Stopped by Charlie Lindgren with a rebound.
1:53 of 2nd period - Snap shot by Kent Johnson.
1:53 of 2nd period - Stopped by Mackenzie Blackwood with a rebound.
1:55 of 2nd period - Slapshot by Jan Rutta.
1:55 of 2nd period - Stopped by Mackenzie Blackwood without a rebound.
1:56 of 2nd period - Andrew Poturalski wins face-off versus Trevor Lewis in Reno Silver Aces zone.
1:59 of 2nd period - Wrist shot by Kiefer Sherwood.
1:59 of 2nd period - Stopped by Mackenzie Blackwood with a rebound.
2:01 of 2nd period - Slapshot by John Klingberg.
2:01 of 2nd period - Shot Blocked by Dylan Coghlan.
2:03 of 2nd period - Snap shot by Andrew Poturalski.
2:03 of 2nd period - Stopped by Mackenzie Blackwood with a rebound.
2:23 of 2nd period - Mattias Janmark is hit by Michael Stone and loses puck.
2:32 of 2nd period - Snap shot by Maxime Comtois.
2:32 of 2nd period - Goal by Maxime Comtois - Tappara Tampere : 3 - Reno Silver Aces : 3.
2:33 of 2nd period - Kent Johnson wins face-off versus Tanner Laczynski in neutral zone.
2:36 of 2nd period - Slapshot by Anders Bjork.
2:36 of 2nd period - Shot Misses the Net.
2:58 of 2nd period - Kent Johnson is hit by Michael Stone and loses puck.
3:05 of 2nd period - Wrist shot by Anders Bjork.
3:05 of 2nd period - Stopped by Mackenzie Blackwood with a rebound.
3:07 of 2nd period - Snap shot by Kent Johnson.
3:07 of 2nd period - Deflect By Anders Bjork.
3:07 of 2nd period - Stopped by Mackenzie Blackwood with a rebound.
3:09 of 2nd period - Snap shot by Jan Rutta.
3:09 of 2nd period - Shot Blocked by Dylan Coghlan.
3:11 of 2nd period - Snap shot by Kent Johnson.
3:11 of 2nd period - Stopped by Mackenzie Blackwood with a rebound.
3:43 of 2nd period - Snap shot by Nicolas Deslauriers.
3:43 of 2nd period - Shot Misses the Net.
3:45 of 2nd period - Slapshot by Dylan Coghlan.
3:45 of 2nd period - Shot Hit the Post.
3:47 of 2nd period - Wrist shot by Patrick Brown.
3:47 of 2nd period - Stopped by Charlie Lindgren with a rebound.
3:49 of 2nd period - Slapshot by Michael Stone.
3:49 of 2nd period - Deflect By Patrick Brown.
3:49 of 2nd period - Shot Misses the Net.
3:49 of 2nd period - Puck is out of play.
3:50 of 2nd period - Trevor Lewis wins face-off versus Andy Andreoff in Tappara Tampere zone.
4:05 of 2nd period - Snap shot by Mattias Janmark.
4:05 of 2nd period - Shot Misses the Net.
4:20 of 2nd period - Slapshot by Maxime Comtois.
4:20 of 2nd period - Stopped by Charlie Lindgren with a rebound.
4:22 of 2nd period - Slapshot by Robert Bortuzzo.
4:22 of 2nd period - Shot Misses the Net.
4:24 of 2nd period - Slapshot by Robert Bortuzzo.
4:24 of 2nd period - Shot Misses the Net.
4:26 of 2nd period - Wrist shot by Maxime Comtois.
4:26 of 2nd period - Stopped by Charlie Lindgren without a rebound.
4:27 of 2nd period - Andy Andreoff wins face-off versus Trevor Lewis in Tappara Tampere zone.
4:36 of 2nd period - Trevor Lewis is hit by Stefan Noesen.
6:15 of 2nd period - Wrist shot by Rocco Grimaldi.
6:15 of 2nd period - Shot Blocked by Drew O'Connor.
6:24 of 2nd period - Icing by Patrick Brown.
6:25 of 2nd period - Patrick Brown wins face-off versus William Eklund in Reno Silver Aces zone.
6:50 of 2nd period - Josh Archibald is hit by Stefan Noesen and loses puck.
7:15 of 2nd period - Snap shot by Anders Bjork.
7:15 of 2nd period - Stopped by Mackenzie Blackwood without a rebound.
7:16 of 2nd period - Patrick Brown wins face-off versus Kent Johnson in Reno Silver Aces zone.
7:23 of 2nd period - Snap shot by Kent Johnson.
7:23 of 2nd period - Stopped by Mackenzie Blackwood without a rebound.
7:24 of 2nd period - Tanner Laczynski wins face-off versus Andy Andreoff in Reno Silver Aces zone.
7:59 of 2nd period - Snap shot by Nicolas Deslauriers.
7:59 of 2nd period - Shot Misses the Net.
8:01 of 2nd period - Wrist shot by Patrick Brown.
8:01 of 2nd period - Goal by Patrick Brown - Tappara Tampere : 3 - Reno Silver Aces : 4.
8:02 of 2nd period - Andrew Poturalski wins face-off versus Vinnie Hinostroza in neutral zone.
8:10 of 2nd period - Minor Penalty to Josh Archibald for Hooking.
8:11 of 2nd period - Patrick Brown wins face-off versus Kent Johnson in Reno Silver Aces zone.
9:09 of 2nd period - Snap shot by Patrick Brown.
9:09 of 2nd period - Deflect By Valtteri Puustinen.
9:09 of 2nd period - Stopped by Charlie Lindgren with a rebound.
10:10 of 2nd period - Penalty to Josh Archibald is over, Josh Archibald is back on ice.
11:30 of 2nd period - Icing by Stefan Noesen.
11:31 of 2nd period - Andy Andreoff wins face-off versus Trevor Lewis in Tappara Tampere zone.
11:31 of 2nd period - Andy Andreoff is hit by William Villeneuve.
12:32 of 2nd period - Snap shot by Valtteri Puustinen.
12:32 of 2nd period - Stopped by Charlie Lindgren with a rebound.
12:34 of 2nd period - Slapshot by Valtteri Puustinen.
12:34 of 2nd period - Shot Blocked by Rocco Grimaldi.
12:36 of 2nd period - Slapshot by Valtteri Puustinen.
12:36 of 2nd period - Shot Misses the Net.
12:38 of 2nd period - Snap shot by Valtteri Puustinen.
12:38 of 2nd period - Stopped by Charlie Lindgren without a rebound.
12:39 of 2nd period - Kent Johnson wins face-off versus Peter Abbandonato in Tappara Tampere zone.
12:39 of 2nd period - Kent Johnson is hit by Robert Bortuzzo.
13:00 of 2nd period - Minor Penalty to Valtteri Puustinen for Hooking.
13:01 of 2nd period - Patrick Brown wins face-off versus Andy Andreoff in Reno Silver Aces zone.
13:43 of 2nd period - Michael Stone is hit by Andy Andreoff.
15:00 of 2nd period - Penalty to Valtteri Puustinen is over, Valtteri Puustinen is back on ice.
15:09 of 2nd period - Slapshot by Josh Archibald.
15:09 of 2nd period - Goal by Josh Archibald - Tappara Tampere : 3 - Reno Silver Aces : 5.
15:10 of 2nd period - Peter Abbandonato wins face-off versus Andy Andreoff in neutral zone.
15:13 of 2nd period - Snap shot by William Dufour.
15:13 of 2nd period - Shot Blocked by John Klingberg.
15:15 of 2nd period - Wrist shot by William Dufour.
15:15 of 2nd period - Stopped by Charlie Lindgren with a rebound.
15:23 of 2nd period - Wrist shot by William Dufour.
15:23 of 2nd period - Deflect By Peter Abbandonato.
15:23 of 2nd period - Stopped by Charlie Lindgren with a rebound.
15:25 of 2nd period - Snap shot by Peter Abbandonato.
15:25 of 2nd period - Stopped by Charlie Lindgren without a rebound.
15:26 of 2nd period - Trevor Lewis wins face-off versus Kent Johnson in Tappara Tampere zone.
15:31 of 2nd period - Snap shot by Vinnie Hinostroza.
15:31 of 2nd period - Stopped by Charlie Lindgren with a rebound.
15:33 of 2nd period - Slapshot by Jon Merrill.
15:33 of 2nd period - Shot Blocked by Kent Johnson.
15:35 of 2nd period - Slapshot by Jon Merrill.
15:35 of 2nd period - Shot Blocked by Ben Hutton.
15:37 of 2nd period - Wrist shot by Josh Archibald.
15:37 of 2nd period - Shot Misses the Net.
16:17 of 2nd period - Slapshot by Drew O'Connor.
16:17 of 2nd period - Stopped by Charlie Lindgren without a rebound.
16:18 of 2nd period - Patrick Brown wins face-off versus Andrew Poturalski in Tappara Tampere zone.
16:33 of 2nd period - Wrist shot by Drew O'Connor.
16:33 of 2nd period - Stopped by Charlie Lindgren with a rebound.
16:59 of 2nd period - Icing by Ben Hutton.
17:00 of 2nd period - Kent Johnson wins face-off versus Tanner Laczynski in Tappara Tampere zone.
17:11 of 2nd period - Ben Hutton is hit by Tanner Laczynski and loses puck.
17:47 of 2nd period - Slapshot by John Klingberg.
17:47 of 2nd period - Deflect By Kiefer Sherwood.
17:47 of 2nd period - Stopped by Mackenzie Blackwood with a rebound.
17:53 of 2nd period - Drew O'Connor is hit by Kiefer Sherwood and loses puck.
18:56 of 2nd period - Snap shot by Anders Bjork.
18:56 of 2nd period - Stopped by Mackenzie Blackwood with a rebound.
19:08 of 2nd period - Andrew Poturalski is hit by Nicolas Deslauriers and loses puck.
19:46 of 2nd period - Off-side.
19:47 of 2nd period - Peter Abbandonato wins face-off versus Phillip Di Giuseppe in neutral zone.
19:53 of 2nd period - Minor Penalty to Calvin De Haan for Interference.
19:54 of 2nd period - Peter Abbandonato wins face-off versus Logan O'Connor in Tappara Tampere zone.
19:58 of 2nd period - Slapshot by Danton Heinen.
19:58 of 2nd period - Shot Misses the Net.
Goals for this period are 0 for Tappara Tampere vs 3 for Reno Silver Aces.
Shots for this period are 11 for Tappara Tampere vs 18 for Reno Silver Aces.
3rd period
0:01 of 3rd period - Peter Abbandonato wins face-off versus Stefan Noesen in neutral zone.
0:04 of 3rd period - Slapshot by Peter Abbandonato.
0:04 of 3rd period - Stopped by Charlie Lindgren with a rebound.
0:06 of 3rd period - Wrist shot by William Dufour.
0:06 of 3rd period - Stopped by Charlie Lindgren with a rebound.
0:08 of 3rd period - Snap shot by Jeremie Poirier.
0:08 of 3rd period - Stopped by Charlie Lindgren with a rebound.
0:10 of 3rd period - Slapshot by Jeremie Poirier.
0:10 of 3rd period - Goal by Jeremie Poirier - Tappara Tampere : 3 - Reno Silver Aces : 6.
0:11 of 3rd period - Kent Johnson wins face-off versus Trevor Lewis in neutral zone.
0:14 of 3rd period - Slapshot by Anders Bjork.
0:14 of 3rd period - Shot Misses the Net.
0:16 of 3rd period - Snap shot by Kent Johnson.
0:16 of 3rd period - Stopped by Mackenzie Blackwood with a rebound.
0:18 of 3rd period - Snap shot by John Klingberg.
0:18 of 3rd period - Stopped by Mackenzie Blackwood without a rebound.
0:19 of 3rd period - Kent Johnson wins face-off versus Vinnie Hinostroza in Reno Silver Aces zone.
0:20 of 3rd period - Snap shot by Anders Bjork.
0:20 of 3rd period - Stopped by Mackenzie Blackwood with a rebound.
0:22 of 3rd period - Snap shot by Logan O'Connor.
0:22 of 3rd period - Stopped by Mackenzie Blackwood with a rebound.
0:24 of 3rd period - Snap shot by Logan O'Connor.
0:24 of 3rd period - Shot Misses the Net.
0:26 of 3rd period - Snap shot by Logan O'Connor.
0:26 of 3rd period - Shot Blocked by Vinnie Hinostroza.
0:34 of 3rd period - Wrist shot by Anders Bjork.
0:34 of 3rd period - Shot Blocked by Michael Stone.
0:46 of 3rd period - Snap shot by Rocco Grimaldi.
0:46 of 3rd period - Shot Blocked by Dylan Coghlan.
0:48 of 3rd period - Snap shot by Andrew Poturalski.
0:48 of 3rd period - Stopped by Mackenzie Blackwood with a rebound.
0:50 of 3rd period - Slapshot by John Klingberg.
0:50 of 3rd period - Stopped by Mackenzie Blackwood with a rebound.
0:52 of 3rd period - Slapshot by Andrew Poturalski.
0:52 of 3rd period - Shot Misses the Net.
0:54 of 3rd period - Wrist shot by Jan Rutta.
0:54 of 3rd period - Stopped by Mackenzie Blackwood with a rebound.
0:56 of 3rd period - Snap shot by Rocco Grimaldi.
0:56 of 3rd period - Shot Misses the Net.
1:15 of 3rd period - Icing by Mattias Janmark.
1:16 of 3rd period - Andy Andreoff wins face-off versus Tanner Laczynski in Tappara Tampere zone.
1:29 of 3rd period - Calvin De Haan is hit by Tanner Laczynski and loses puck.
2:43 of 3rd period - Snap shot by Vinnie Hinostroza.
2:43 of 3rd period - Stopped by Charlie Lindgren without a rebound.
2:44 of 3rd period - Kiefer Sherwood wins face-off versus Josh Archibald in Tappara Tampere zone.
2:51 of 3rd period - Wrist shot by Trevor Lewis.
2:51 of 3rd period - Stopped by Charlie Lindgren without a rebound.
2:52 of 3rd period - Drew O'Connor wins face-off versus Andrew Poturalski in Tappara Tampere zone.
2:53 of 3rd period - Slapshot by Patrick Brown.
2:53 of 3rd period - Shot Misses the Net.
2:59 of 3rd period - Slapshot by Mattias Samuelsson.
2:59 of 3rd period - Shot Blocked by Jon Merrill.
3:01 of 3rd period - Slapshot by Mattias Samuelsson.
3:01 of 3rd period - Stopped by Mackenzie Blackwood with a rebound.
3:03 of 3rd period - Snap shot by Kiefer Sherwood.
3:03 of 3rd period - Stopped by Mackenzie Blackwood with a rebound.
3:05 of 3rd period - Slapshot by Alex Goligoski.
3:05 of 3rd period - Stopped by Mackenzie Blackwood with a rebound.
3:07 of 3rd period - Slapshot by Alex Goligoski.
3:07 of 3rd period - Stopped by Mackenzie Blackwood without a rebound.
3:08 of 3rd period - Tanner Laczynski wins face-off versus Kent Johnson in Reno Silver Aces zone.
3:53 of 3rd period - Off-side.
3:54 of 3rd period - Andy Andreoff wins face-off versus Patrick Brown in neutral zone.
3:57 of 3rd period - Slapshot by John Klingberg.
3:57 of 3rd period - Stopped by Mackenzie Blackwood with a rebound.
4:03 of 3rd period - Stefan Noesen is hit by Nicolas Deslauriers and loses puck.
4:27 of 3rd period - Minor Penalty to Nicolas Deslauriers for Hooking.
4:28 of 3rd period - Kent Johnson wins face-off versus Tanner Laczynski in Reno Silver Aces zone.
4:28 of 3rd period - Snap shot by Anders Bjork.
4:28 of 3rd period - Deflect By Kent Johnson.
4:28 of 3rd period - Shot Misses the Net.
4:28 of 3rd period - Puck is out of play.
4:29 of 3rd period - Tanner Laczynski wins face-off versus Kent Johnson in Reno Silver Aces zone.
4:53 of 3rd period - Alex Goligoski is hit by Jon Merrill and loses puck.
5:13 of 3rd period - Slapshot by John Klingberg.
5:13 of 3rd period - Shot Blocked by Drew O'Connor.
5:15 of 3rd period - Snap shot by John Klingberg.
5:15 of 3rd period - Shot Misses the Net.
5:17 of 3rd period - Slapshot by Logan O'Connor.
5:17 of 3rd period - Shot Misses the Net.
5:19 of 3rd period - Slapshot by Alex Goligoski.
5:19 of 3rd period - Stopped by Mackenzie Blackwood with a rebound.
5:21 of 3rd period - Slapshot by Alex Goligoski.
5:21 of 3rd period - Shot Misses the Net.
5:53 of 3rd period - Snap shot by Anders Bjork.
5:53 of 3rd period - Deflect By Logan O'Connor.
5:53 of 3rd period - Shot Misses the Net.
5:53 of 3rd period - Puck is out of play.
5:54 of 3rd period - Andy Andreoff wins face-off versus Tanner Laczynski in Reno Silver Aces zone.
6:01 of 3rd period - Slapshot by Mattias Janmark.
6:01 of 3rd period - Stopped by Mackenzie Blackwood without a rebound.
6:02 of 3rd period - Andy Andreoff wins face-off versus Josh Archibald in Reno Silver Aces zone.
6:15 of 3rd period - Wrist shot by Stefan Noesen.
6:15 of 3rd period - Shot Misses the Net.
6:17 of 3rd period - Wrist shot by Mattias Janmark.
6:17 of 3rd period - Stopped by Mackenzie Blackwood with a rebound.
6:27 of 3rd period - Penalty to Nicolas Deslauriers is over, Nicolas Deslauriers is back on ice.
6:33 of 3rd period - Wrist shot by Valtteri Puustinen.
6:33 of 3rd period - Stopped by Charlie Lindgren without a rebound.
6:34 of 3rd period - Andrew Poturalski wins face-off versus Peter Abbandonato in Tappara Tampere zone.
6:34 of 3rd period - Andrew Poturalski is hit by Valtteri Puustinen.
6:44 of 3rd period - Snap shot by Rocco Grimaldi.
6:44 of 3rd period - Shot Misses the Net.
6:46 of 3rd period - Slapshot by Jan Rutta.
6:46 of 3rd period - Stopped by Mackenzie Blackwood with a rebound.
6:50 of 3rd period - Wrist shot by Rocco Grimaldi.
6:50 of 3rd period - Shot Misses the Net.
7:00 of 3rd period - Jan Rutta is hit by Danton Heinen.
7:10 of 3rd period - Slapshot by Ben Hutton.
7:10 of 3rd period - Stopped by Mackenzie Blackwood with a rebound.
7:36 of 3rd period - Minor Penalty to Calvin De Haan for Interference.
7:37 of 3rd period - Peter Abbandonato wins face-off versus Logan O'Connor in Tappara Tampere zone.
8:32 of 3rd period - Wrist shot by Stefan Noesen.
8:32 of 3rd period - Shot Misses the Net.
9:06 of 3rd period - Stefan Noesen is hit by Vinnie Hinostroza and loses puck.
9:36 of 3rd period - Penalty to Calvin De Haan is over, Calvin De Haan is back on ice.
9:49 of 3rd period - Slapshot by Phillip Di Giuseppe.
9:49 of 3rd period - Shot Misses the Net.
9:51 of 3rd period - Wrist shot by William Eklund.
9:51 of 3rd period - Shot Misses the Net.
10:34 of 3rd period - Icing by Robert Bortuzzo.
10:35 of 3rd period - Josh Archibald wins face-off versus Andy Andreoff in Reno Silver Aces zone.
10:35 of 3rd period - Josh Archibald is hit by Stefan Noesen.
10:46 of 3rd period - Icing by Alex Goligoski.
10:47 of 3rd period - Patrick Brown wins face-off versus Andy Andreoff in Tappara Tampere zone.
10:52 of 3rd period - Snap shot by Nicolas Deslauriers.
10:52 of 3rd period - Shot Blocked by Alex Goligoski.
10:57 of 3rd period - Icing by Alex Goligoski.
10:58 of 3rd period - Andy Andreoff wins face-off versus Tanner Laczynski in Tappara Tampere zone.
10:58 of 3rd period - Andy Andreoff is hit by Maxime Comtois.
11:28 of 3rd period - Wrist shot by Stefan Noesen.
11:28 of 3rd period - Stopped by Mackenzie Blackwood with a rebound.
11:46 of 3rd period - Slapshot by Alex Goligoski.
11:46 of 3rd period - Shot Misses the Net.
12:04 of 3rd period - Slapshot by Andy Andreoff.
12:04 of 3rd period - Shot Misses the Net.
12:11 of 3rd period - Minor Penalty to Maxime Comtois for Holding.
12:12 of 3rd period - Drew O'Connor wins face-off versus Kent Johnson in Reno Silver Aces zone.
14:11 of 3rd period - Penalty to Maxime Comtois is over, Maxime Comtois is back on ice.
14:26 of 3rd period - Wrist shot by Valtteri Puustinen.
14:26 of 3rd period - Shot Misses the Net.
14:28 of 3rd period - Snap shot by Valtteri Puustinen.
14:28 of 3rd period - Stopped by Charlie Lindgren with a rebound.
14:38 of 3rd period - William Eklund is hit by William Villeneuve and loses puck.
14:45 of 3rd period - Vinnie Hinostroza is hit by Lukas Svejkovsky and loses puck.
15:08 of 3rd period - Stefan Noesen is hit by Vinnie Hinostroza and loses puck.
15:23 of 3rd period - Mattias Samuelsson is hit by Drew O'Connor and loses puck.
15:50 of 3rd period - Minor Penalty to Jon Merrill for Interference.
15:51 of 3rd period - Andy Andreoff wins face-off versus Patrick Brown in Reno Silver Aces zone.
16:05 of 3rd period - Mattias Janmark is hit by Dylan Coghlan and loses puck.
16:18 of 3rd period - Josh Archibald is hit by Anders Bjork and loses puck.
17:47 of 3rd period - Drew O'Connor is hit by Andy Andreoff and loses puck.
17:50 of 3rd period - Penalty to Jon Merrill is over, Jon Merrill is back on ice.
18:26 of 3rd period - Backhand shot by Peter Abbandonato.
18:26 of 3rd period - Shot Misses the Net.
18:28 of 3rd period - Snap shot by William Villeneuve.
18:28 of 3rd period - Deflect By Valtteri Puustinen.
18:28 of 3rd period - Shot Blocked by Rocco Grimaldi.
18:28 of 3rd period - Puck is out of play.
18:29 of 3rd period - William Eklund wins face-off versus Trevor Lewis in Tappara Tampere zone.
19:00 of 3rd period - Mattias Samuelsson is hit by Maxime Comtois and loses puck.
19:36 of 3rd period - Wrist shot by Vinnie Hinostroza.
19:36 of 3rd period - Shot Blocked by Anders Bjork.
19:56 of 3rd period - Snap shot by Stefan Noesen.
19:56 of 3rd period - Deflect By Mattias Janmark.
19:56 of 3rd period - Stopped by Mackenzie Blackwood with a rebound.
Goals for this period are 0 for Tappara Tampere vs 1 for Reno Silver Aces.
Shots for this period are 19 for Tappara Tampere vs 8 for Reno Silver Aces.
Back to the Top